Jets vs Islanders

Created - 12 mars 2020 at 21:46

Goals
1 2 3 T
Jets 2 1 2 5
Islanders 0 2 0 2
Shots
1 2 3 T
Jets 11 7 19 37
Islanders 11 11 8 30

1st period

1. Jets , Nathan MacKinnon 19 (Nate Prosser 6, James van Riemsdyk 22) at 6:15
2. Jets , Zach Aston-Reese 14 (Janne Kuokkanen 14, Colton Sissons 20) at 14:33

Penalties :
Mike Sgarbossa (WIN) for Slashing (Minor) at 1:58

2nd period

3. Jets , Nathan MacKinnon 20 (Wayne Simmonds 18, Josh Manson 23) at 8:13
4. Islanders , Paul Stastny 30 (Vladimir Tarasenko 37, Brandon Saad 29) at 8:21
5. Islanders , Mathew Dumba 3 (James Neal 13, Alex Stalock) at 11:26 (PP)

Penalties :
James van Riemsdyk (WIN) for Slashing (Minor) at 10:06, Christian Fischer (NYI) for Hooking (Minor) at 14:05, Mike Sgarbossa (WIN) for Checking from behind (Minor) at 16:28

3rd period

6. Jets , James van Riemsdyk 19 (Nathan MacKinnon 34) at 1:56
7. Jets , Brett Ritchie 5 (Zach Aston-Reese 16, Janne Kuokkanen 15) at 4:41

Penalties :
Timo Meier (NYI) for Fighting (Major) at 3:21, Josh Morrissey (WIN) for Fighting (Major) at 3:21, Logan Shaw (NYI) for Holding (Minor) at 13:40

Goalie Stats

MacKenzie Blackwood (WIN), 28 saves from 30 shots - (0,933), W, 23-20-6, 60:00 minutes
Alex Stalock (NYI), 32 saves from 37 shots - (0,865), L, 4-10-1, 60:00 minutes

Players Stats for Jets

Player Name              G  A  P  +/- PIM S  H  SB GA TA FO     MP     PP MP  PK MP  
------------------------------------------------------------------------------------
Alex Galchenyuk          0  0  0   0  0   3  3  0  1  0  2/8    18:48   1:49   2:06 
Brett Ritchie            1  0  1   2  0   4  1  0  0  0  0/0    12:44   0:00   0:00 
Colton Sissons           0  1  1   2  0   1  0  0  0  1  0/0    20:05   1:59   1:24 
James van Riemsdyk       1  1  2   2  2   5  3  0  1  1  1/2    20:31   1:59   1:54 
Janne Kuokkanen          0  2  2   2  0   0  1  1  1  0  1/1    14:31   0:00   1:45 
Jonathan Ericsson        0  0  0   2  0   2  1  2  0  0  0/0    20:47   1:15   3:01 
Josh Manson              0  1  1   1  0   1  2  2  1  0  0/0    25:24   2:43   2:17 
Josh Morrissey           0  0  0   1  5   0  0  2  0  1  0/0    23:22   2:43   2:17 
Mark Pysyk               0  0  0   2  0   1  2  2  0  0  0/0    20:47   1:15   3:01 
Martin Hanzal            0  0  0   0  0   0  0  0  0  0  0/0     2:07   0:10   0:00 
Mike Sgarbossa           0  0  0   0  4   1  0  0  0  0  1/2     6:24   0:00   0:00 
Nate Prosser             0  1  1   1  0   0  0  2  0  1  0/0    13:49   0:00   0:00 
Nathan MacKinnon         2  1  3   2  0   8  1  0  0  0  14/29  25:24   2:09   2:02 
Richard Clune            0  0  0   0  0   0  1  0  0  0  0/0     6:21   0:00   0:00 
Thomas Hickey            0  0  0   1  0   1  1  0  0  0  0/0    15:50   0:00   0:00 
Troy Brouwer             0  0  0   0  0   5  4  0  0  0  0/0    16:39   1:49   0:00 
Wayne Simmonds           0  1  1   0  0   2  0  1  0  0  0/2    16:46   1:49   0:07 
Zach Aston-Reese         1  1  2   2  0   3  4  1  2  0  1/4    14:19   0:10   1:18 

Players Stats for Islanders

Player Name              G  A  P  +/- PIM S  H  SB GA TA FO     MP     PP MP  PK MP  
------------------------------------------------------------------------------------
Brandon Saad             0  1  1   1  0   1  2  0  1  0  0/0    19:43   2:19   1:33 
Brendan Leipsic          0  0  0   0  0   0  0  0  0  0  0/0     3:28   0:18   0:00 
Chris Mueller            0  0  0  -2  0   0  2  3  0  0  0/0    17:17   2:42   0:00 
Christian Fischer        0  0  0  -1  2   1  0  0  0  1  3/4     7:11   0:00   0:00 
Cole Schneider           0  0  0  -1  0   0  1  1  0  0  0/0     6:53   0:00   0:00 
Evan Rodrigues           0  0  0  -2  0   1  1  0  0  1  3/3    13:05   0:00   0:00 
Jake Gardiner            0  0  0  -1  0   0  0  0  0  0  0/0    20:08   2:43   1:31 
James Neal               0  1  1  -2  0   3  1  0  0  0  0/1    15:00   0:17   1:18 
Jordie Benn              0  0  0  -2  0   0  4  2  0  1  0/0    22:57   2:35   2:27 
Justin Schultz           0  0  0  -1  0   0  1  4  0  0  0/0    11:37   0:00   0:00 
Logan Shaw               0  0  0  -2  2   2  2  0  0  1  0/0    13:05   0:00   0:00 
Marcus Johansson         0  0  0  -2  0   6  1  1  1  0  3/9    17:07   2:41   0:00 
Mathew Dumba             1  0  1  -1  0   2  3  2  1  0  0/0    20:08   2:43   1:31 
Matt Roy                 0  0  0  -1  0   0  1  2  0  1  0/0    11:37   0:00   0:00 
Par Lindholm             0  0  0   0  0   0  0  0  0  0  0/0     1:28   0:18   0:41 
Paul Stastny             1  0  1   1  0   5  2  0  0  0  17/27  20:06   2:19   1:56 
Roman Josi               0  0  0  -2  0   2  0  0  0  0  0/0    28:15   2:35   2:27 
Timo Meier               0  0  0  -2  5   4  3  0  0  0  0/0    16:00   2:41   0:32 
Vladimir Tarasenko       0  1  1   0  0   3  2  0  1  1  2/4    25:36   2:19   1:56 
Will Butcher             0  0  0   0  0   0  0  1  0  0  0/0     5:18   0:00   0:00 

3 Stars

1 - Nathan MacKinnon (WIN)
2 - Zach Aston-Reese (WIN)
3 - James van Riemsdyk (WIN)

Power Play

Jets - 0 on 2 Attempt(s) - 0,00%
Islanders - 1 on 3 Attempt(s) - 33,33%

Penalty Kill

Jets - 2 on 3 Attempt(s) - 66,67% - Score 0 goal in Penalty Kill
Islanders - 2 on 2 Attempt(s) - 100,00% - Score 0 goal in Penalty Kill

Team Stat

Jets - Hits : 24 - Faceoff Wins : 20 - Blocked Shots : 13 - Penalty Minutes : 11
Islanders - Hits : 26 - Faceoff Wins : 28 - Blocked Shots : 16 - Penalty Minutes : 9

Official

Referees : Graham Skiliter and Mark Lemelin
Linesman : Bryan Pancich and Jay Sharrers

Game Notes

Timo Meier beats up Josh Morrissey at 3:21 of 3rd period

Finance

Level 1 -- Attendance: 4156 (69,27%) -- Ticket Income 415 600 $
Level 2 -- Attendance: 4488 (89,76%) -- Ticket Income 269 280 $
Level 3 -- Attendance: 1992 (99,60%) -- Ticket Income 69 720 $
Level 4 -- Attendance: 3723 (93,08%) -- Ticket Income 74 460 $
Luxury Box -- Attendance: 750 (75,00%) -- Ticket Income 150 000 $
Game was played at the Long Island Arena.
Total Attendance: 15109 (83,94%)
Total Ticket Income: 979 060 $
Other Income: 479 739 $
Total Income: 1 458 799 $

Jets

5 vs 5 Forward 
   Center                   Left Wing                Right Wing               Time % Phy DF OF 
 1 Nathan MacKinnon         James van Riemsdyk       Colton Sissons           40     1   2  2  
 2 Alex Galchenyuk          Wayne Simmonds           Troy Brouwer             30     1   2  2  
 3 Zach Aston-Reese         Janne Kuokkanen          Brett Ritchie            20     1   2  2  
 4 Mike Sgarbossa           Richard Clune            Nathan MacKinnon         10     1   2  2  

5 vs 5 Defense 
   Defense                  Defense                                           Time % Phy DF OF 
 1 Josh Manson              Josh Morrissey                                    40     1   2  2  
 2 Mark Pysyk               Jonathan Ericsson                                 30     1   2  2  
 3 Thomas Hickey            Nate Prosser                                      20     1   2  2  
 4 Josh Manson              Josh Morrissey                                    10     1   2  2  

PowerPlay Forward 
   Center                   Left Wing                Right Wing               Time % Phy DF OF 
 1 Nathan MacKinnon         James van Riemsdyk       Colton Sissons           60     1   2  2  
 2 Alex Galchenyuk          Wayne Simmonds           Troy Brouwer             40     1   2  2  

PowerPlay Defense
   Defense                  Defense                                           Time % Phy DF OF 
 1 Josh Manson              Josh Morrissey                                    60     1   2  2  
 2 Mark Pysyk               Jonathan Ericsson                                 40     1   2  2  

Penalty Kill 4 Players Forward 
   Center                   Wing                     Time % Phy DF OF 
 1 Nathan MacKinnon         James van Riemsdyk       60     1   2  2  
 2 Colton Sissons           Alex Galchenyuk          40     1   2  2  

Penalty Kill 4 Players Defense
   Defense                  Defense                  Time % Phy DF OF 
 1 Josh Manson              Josh Morrissey           60     1   2  2  
 2 Mark Pysyk               Jonathan Ericsson        40     1   2  2  

Penalty Kill - 3 Players Forward 
   Forward                                           Time % Phy DF OF 
 1 Nathan MacKinnon                                  60     1   2  2  
 2 James van Riemsdyk                                40     1   2  2  

Penalty Kill - 3 Players Defense
   Defense                  Defense                  Time % Phy DF OF 
 1 Josh Manson              Josh Morrissey           60     1   2  2  
 2 Mark Pysyk               Jonathan Ericsson        40     1   2  2  

4 vs 4 Forward 
   Center                   Wing                     Time % Phy DF OF 
 1 Nathan MacKinnon         James van Riemsdyk       60     1   2  2  
 2 Colton Sissons           Alex Galchenyuk          40     1   2  2  

4 vs 4 Defense
   Defense                  Defense                  Time % Phy DF OF 
 1 Josh Manson              Josh Morrissey           60     1   2  2  
 2 Mark Pysyk               Jonathan Ericsson        40     1   2  2  

Last Minutes Offensive
   Center                   Left Wing                Right Wing               Defense                  Defense                  
   Nathan MacKinnon         James van Riemsdyk       Colton Sissons           Josh Manson              Josh Morrissey           

Last Minutes Defensive
   Center                   Left Wing                Right Wing               Defense                  Defense                  
   Nathan MacKinnon         James van Riemsdyk       Colton Sissons           Josh Manson              Josh Morrissey           

Goaltenders
Starting : MacKenzie Blackwood      
Backup : Craig Anderson           

Extra Forwards
Normal : Martin Hanzal, Zach Aston-Reese, Janne Kuokkanen - PP : Martin Hanzal, Zach Aston-Reese - PK : Janne Kuokkanen
Extra Defensemen
Normal : Thomas Hickey, Nate Prosser, Mark Pysyk - PP : Thomas Hickey - PK : Nate Prosser, Mark Pysyk
Penalty Shots
Nathan MacKinnon, James van Riemsdyk, Colton Sissons, Alex Galchenyuk, Troy Brouwer
Custom OT Lines Forwards
Nathan MacKinnon, James van Riemsdyk, Colton Sissons, Alex Galchenyuk, Troy Brouwer, Wayne Simmonds, Zach Aston-Reese, Janne Kuokkanen, Brett Ritchie, Mike Sgarbossa
Custom OT Lines Defensemen
Josh Manson, Josh Morrissey, Mark Pysyk, Jonathan Ericsson, Thomas Hickey

Scratches
Matt Hunwick (Healthy), Bobby Sanguinetti (Healthy), Jonathan Bernier (Healthy)

Islanders

5 vs 5 Forward 
   Center                   Left Wing                Right Wing               Time % Phy DF OF 
 1 Paul Stastny             Brandon Saad             Vladimir Tarasenko       40     1   2  2  
 2 Marcus Johansson         Timo Meier               Chris Mueller            30     1   2  2  
 3 Evan Rodrigues           James Neal               Logan Shaw               20     1   2  2  
 4 Christian Fischer        Cole Schneider           Vladimir Tarasenko       10     1   2  2  

5 vs 5 Defense 
   Defense                  Defense                                           Time % Phy DF OF 
 1 Roman Josi               Jordie Benn                                       40     1   2  2  
 2 Mathew Dumba             Jake Gardiner                                     30     1   2  2  
 3 Justin Schultz           Matt Roy                                          20     1   2  2  
 4 Will Butcher             Roman Josi                                        10     1   2  2  

PowerPlay Forward 
   Center                   Left Wing                Right Wing               Time % Phy DF OF 
 1 Paul Stastny             Brandon Saad             Vladimir Tarasenko       60     1   2  2  
 2 Marcus Johansson         Timo Meier               Chris Mueller            40     1   2  2  

PowerPlay Defense
   Defense                  Defense                                           Time % Phy DF OF 
 1 Roman Josi               Jordie Benn                                       60     1   2  2  
 2 Mathew Dumba             Jake Gardiner                                     40     1   2  2  

Penalty Kill 4 Players Forward 
   Center                   Wing                     Time % Phy DF OF 
 1 Vladimir Tarasenko       Paul Stastny             60     1   2  2  
 2 Brandon Saad             Timo Meier               40     1   2  2  

Penalty Kill 4 Players Defense
   Defense                  Defense                  Time % Phy DF OF 
 1 Roman Josi               Jordie Benn              60     1   2  2  
 2 Mathew Dumba             Jake Gardiner            40     1   2  2  

Penalty Kill - 3 Players Forward 
   Forward                                           Time % Phy DF OF 
 1 Vladimir Tarasenko                                60     1   2  2  
 2 Paul Stastny                                      40     1   2  2  

Penalty Kill - 3 Players Defense
   Defense                  Defense                  Time % Phy DF OF 
 1 Roman Josi               Jordie Benn              60     1   2  2  
 2 Mathew Dumba             Jake Gardiner            40     1   2  2  

4 vs 4 Forward 
   Center                   Wing                     Time % Phy DF OF 
 1 Vladimir Tarasenko       Paul Stastny             60     1   2  2  
 2 Brandon Saad             Timo Meier               40     1   2  2  

4 vs 4 Defense
   Defense                  Defense                  Time % Phy DF OF 
 1 Roman Josi               Jordie Benn              60     1   2  2  
 2 Mathew Dumba             Jake Gardiner            40     1   2  2  

Last Minutes Offensive
   Center                   Left Wing                Right Wing               Defense                  Defense                  
   Paul Stastny             Brandon Saad             Vladimir Tarasenko       Roman Josi               Jordie Benn              

Last Minutes Defensive
   Center                   Left Wing                Right Wing               Defense                  Defense                  
   Paul Stastny             Brandon Saad             Vladimir Tarasenko       Roman Josi               Jordie Benn              

Goaltenders
Starting : Alex Stalock             
Backup : Corey Crawford           

Extra Forwards
Normal : Brendan Leipsic, Par Lindholm, James Neal - PP : Brendan Leipsic, Par Lindholm - PK : James Neal
Extra Defensemen
Normal : Justin Schultz, Matt Roy, Will Butcher - PP : Justin Schultz - PK : Matt Roy, Will Butcher
Penalty Shots
Vladimir Tarasenko, Paul Stastny, Brandon Saad, Timo Meier, Marcus Johansson
Custom OT Lines Forwards
Vladimir Tarasenko, Paul Stastny, Brandon Saad, Timo Meier, Marcus Johansson, Chris Mueller, James Neal, Evan Rodrigues, Logan Shaw, Christian Fischer
Custom OT Lines Defensemen
Roman Josi, Jordie Benn, Mathew Dumba, Jake Gardiner, Justin Schultz

Scratches
Kyle Palmieri (Left Foot Injury)

% Time on Ice - Jets

Lines # - Real PCT - Wanted PCT - Time Play
Normal Forward
1 - 33% - 40% - 16:46
2 - 29% - 30% - 14:53
3 - 25% - 20% - 12:44
4 - 13% - 10% - 6:21
Normal Defense
1 - 38% - 40% - 19:04
2 - 33% - 30% - 16:31
3 - 26% - 20% - 13:09
4 - 4% - 10% - 2:00
PP Forward
1 - 54% - 60% - 2:09
2 - 46% - 40% - 1:49
PP Defense
1 - 68% - 60% - 2:43
2 - 32% - 40% - 1:15
PK Forward
1 - 74% - 60% - 3:54
2 - 26% - 40% - 1:24
PK Defense
1 - 43% - 60% - 2:17
2 - 57% - 40% - 3:01
PK3 Forward
1 - 0% - 60%
2 - 0% - 40%
PK3 Defense
1 - 0% - 60%
2 - 0% - 40%
44 Forward
1 - 0% - 60%
2 - 0% - 40%
44 Defense
1 - 0% - 60%
2 - 0% - 40%
Last Minute Offensive  - 0:00
Last Minute Defensive  - 0:00
Total
Forward - 60:00
Defense - 60:00

% Time on Ice - Islanders

Lines # - Real PCT - Wanted PCT - Time Play
Normal Forward
1 - 32% - 40% - 16:11
2 - 29% - 30% - 14:35
3 - 26% - 20% - 13:05
4 - 14% - 10% - 6:53
Normal Defense
1 - 35% - 40% - 17:55
2 - 31% - 30% - 15:54
3 - 23% - 20% - 11:37
4 - 10% - 10% - 5:18
PP Forward
1 - 49% - 60% - 2:36
2 - 51% - 40% - 2:42
PP Defense
1 - 49% - 60% - 2:35
2 - 51% - 40% - 2:43
PK Forward
1 - 87% - 60% - 3:26
2 - 13% - 40% - 0:32
PK Defense
1 - 62% - 60% - 2:27
2 - 38% - 40% - 1:31
PK3 Forward
1 - 0% - 60%
2 - 0% - 40%
PK3 Defense
1 - 0% - 60%
2 - 0% - 40%
44 Forward
1 - 0% - 60%
2 - 0% - 40%
44 Defense
1 - 0% - 60%
2 - 0% - 40%
Last Minute Offensive  - 0:00
Last Minute Defensive  - 0:00
Total
Forward - 60:00
Defense - 60:00

Play-by-Play

1st period


0:01 of 1st period - Nathan MacKinnon wins face-off versus Paul Stastny in neutral zone.
0:13 of 1st period - Snap shot by Vladimir Tarasenko.
0:13 of 1st period - Stopped by MacKenzie Blackwood with a rebound.
0:15 of 1st period - Slapshot by Jordie Benn.
0:15 of 1st period - Shot Blocked by Josh Morrissey.
0:32 of 1st period - Jordie Benn is hit by Mark Pysyk and loses puck.
0:40 of 1st period - Wrist shot by James Neal.
0:40 of 1st period - Stopped by MacKenzie Blackwood with a rebound.
1:56 of 1st period - Wrist shot by Timo Meier.
1:56 of 1st period - Stopped by MacKenzie Blackwood with a rebound.
1:58 of 1st period - Minor Penalty to Mike Sgarbossa for Slashing.
1:59 of 1st period - Paul Stastny wins face-off versus Nathan MacKinnon in Jets zone.
2:14 of 1st period - Snap shot by Paul Stastny.
2:14 of 1st period - Shot Blocked by Josh Morrissey.
2:16 of 1st period - Wrist shot by Roman Josi.
2:16 of 1st period - Shot Blocked by Josh Manson.
2:26 of 1st period - Jordie Benn is hit by Alex Galchenyuk and loses puck.
3:58 of 1st period - Penalty to Mike Sgarbossa is over, Mike Sgarbossa is back on ice.
4:08 of 1st period - Jake Gardiner is hit by Jonathan Ericsson and loses puck.
5:13 of 1st period - Slapshot by Nathan MacKinnon.
5:13 of 1st period - Shot Misses the Net.
5:15 of 1st period - Slapshot by Janne Kuokkanen.
5:15 of 1st period - Deflect By Zach Aston-Reese.
5:15 of 1st period - Shot Misses the Net.
5:15 of 1st period - Puck is out of play.
5:16 of 1st period - Christian Fischer wins face-off versus Zach Aston-Reese in Islanders zone.
5:18 of 1st period - Icing by Vladimir Tarasenko.
5:19 of 1st period - Zach Aston-Reese wins face-off versus Christian Fischer in Islanders zone.
5:34 of 1st period - Roman Josi is hit by Zach Aston-Reese and loses puck.
5:43 of 1st period - Cole Schneider is hit by Janne Kuokkanen and loses puck.
5:48 of 1st period - Snap shot by Zach Aston-Reese.
5:48 of 1st period - Shot Misses the Net.
5:50 of 1st period - Backhand shot by Brett Ritchie.
5:50 of 1st period - Shot Blocked by Will Butcher.
6:07 of 1st period - Slapshot by Zach Aston-Reese.
6:07 of 1st period - Shot Misses the Net.
6:09 of 1st period - Snap shot by Janne Kuokkanen.
6:09 of 1st period - Deflect By Brett Ritchie.
6:09 of 1st period - Shot Misses the Net.
6:09 of 1st period - Puck is out of play.
6:10 of 1st period - Nathan MacKinnon wins face-off versus Marcus Johansson in Islanders zone.
6:11 of 1st period - Snap shot by James van Riemsdyk.
6:11 of 1st period - Shot Blocked by Justin Schultz.
6:13 of 1st period - Slapshot by Nate Prosser.
6:13 of 1st period - Shot Blocked by Matt Roy.
6:15 of 1st period - Snap shot by Nathan MacKinnon.
6:15 of 1st period - Goal by Nathan MacKinnon - Jets : 1 - Islanders : 0.
6:16 of 1st period - Nathan MacKinnon wins face-off versus Marcus Johansson in neutral zone.
6:43 of 1st period - Icing by Wayne Simmonds.
6:44 of 1st period - Alex Galchenyuk wins face-off versus Paul Stastny in Jets zone.
6:53 of 1st period - Slapshot by Alex Galchenyuk.
6:53 of 1st period - Stopped by Alex Stalock with a rebound.
7:07 of 1st period - Mark Pysyk is hit by Vladimir Tarasenko and loses puck.
7:14 of 1st period - Snap shot by Paul Stastny.
7:14 of 1st period - Stopped by MacKenzie Blackwood without a rebound.
7:15 of 1st period - Nathan MacKinnon wins face-off versus Marcus Johansson in Jets zone.
7:26 of 1st period - Snap shot by James van Riemsdyk.
7:26 of 1st period - Stopped by Alex Stalock with a rebound.
7:28 of 1st period - Snap shot by James van Riemsdyk.
7:28 of 1st period - Stopped by Alex Stalock without a rebound.
7:29 of 1st period - Paul Stastny wins face-off versus Nathan MacKinnon in Islanders zone.
7:29 of 1st period - Paul Stastny is hit by Nathan MacKinnon.
7:45 of 1st period - Slapshot by James van Riemsdyk.
7:45 of 1st period - Stopped by Alex Stalock with a rebound.
8:01 of 1st period - Slapshot by Nathan MacKinnon.
8:01 of 1st period - Shot Misses the Net.
8:12 of 1st period - Troy Brouwer is hit by Jordie Benn and loses puck.
8:39 of 1st period - Jonathan Ericsson is hit by James Neal and loses puck.
8:45 of 1st period - Off-side.
8:46 of 1st period - Paul Stastny wins face-off versus Nathan MacKinnon in neutral zone.
9:22 of 1st period - Snap shot by Marcus Johansson.
9:22 of 1st period - Shot Blocked by Nate Prosser.
9:34 of 1st period - Slapshot by Roman Josi.
9:34 of 1st period - Stopped by MacKenzie Blackwood with a rebound.
9:56 of 1st period - Snap shot by James Neal.
9:56 of 1st period - Shot Misses the Net.
10:41 of 1st period - Slapshot by Vladimir Tarasenko.
10:41 of 1st period - Stopped by MacKenzie Blackwood with a rebound.
10:53 of 1st period - Colton Sissons is hit by Jordie Benn and loses puck.
11:07 of 1st period - Icing by Nathan MacKinnon.
11:08 of 1st period - Paul Stastny wins face-off versus Nathan MacKinnon in Jets zone.
11:46 of 1st period - Snap shot by James Neal.
11:46 of 1st period - Shot Misses the Net.
11:58 of 1st period - Snap shot by Vladimir Tarasenko.
11:58 of 1st period - Deflect By Brandon Saad.
11:58 of 1st period - Shot Misses the Net.
11:58 of 1st period - Puck is out of play.
11:59 of 1st period - Paul Stastny wins face-off versus Alex Galchenyuk in Jets zone.
12:24 of 1st period - Zach Aston-Reese is hit by Timo Meier and loses puck.
12:31 of 1st period - Snap shot by Zach Aston-Reese.
12:31 of 1st period - Stopped by Alex Stalock with a rebound.
12:33 of 1st period - Slapshot by Zach Aston-Reese.
12:33 of 1st period - Deflect By Janne Kuokkanen.
12:33 of 1st period - Shot Blocked by Chris Mueller.
12:33 of 1st period - Puck is out of play.
12:34 of 1st period - Paul Stastny wins face-off versus Wayne Simmonds in Islanders zone.
12:43 of 1st period - Slapshot by Vladimir Tarasenko.
12:43 of 1st period - Stopped by MacKenzie Blackwood with a rebound.
12:59 of 1st period - Marcus Johansson is hit by Brett Ritchie and loses puck.
13:08 of 1st period - Brett Ritchie is hit by Marcus Johansson and loses puck.
13:29 of 1st period - Snap shot by James van Riemsdyk.
13:29 of 1st period - Deflect By Nathan MacKinnon.
13:29 of 1st period - Stopped by Alex Stalock with a rebound.
13:47 of 1st period - Wrist shot by Paul Stastny.
13:47 of 1st period - Stopped by MacKenzie Blackwood without a rebound.
13:48 of 1st period - Marcus Johansson wins face-off versus Alex Galchenyuk in Jets zone.
14:33 of 1st period - Wrist shot by Zach Aston-Reese.
14:33 of 1st period - Goal by Zach Aston-Reese - Jets : 2 - Islanders : 0.
14:34 of 1st period - Paul Stastny wins face-off versus Nathan MacKinnon in neutral zone.
14:59 of 1st period - Troy Brouwer is hit by Chris Mueller and loses puck.
15:04 of 1st period - Snap shot by Marcus Johansson.
15:04 of 1st period - Stopped by MacKenzie Blackwood with a rebound.
15:12 of 1st period - Snap shot by Timo Meier.
15:12 of 1st period - Stopped by MacKenzie Blackwood with a rebound.
15:48 of 1st period - Snap shot by Nathan MacKinnon.
15:48 of 1st period - Stopped by Alex Stalock with a rebound.
15:50 of 1st period - Snap shot by Colton Sissons.
15:50 of 1st period - Shot Blocked by Mathew Dumba.
15:52 of 1st period - Slapshot by Jonathan Ericsson.
15:52 of 1st period - Stopped by Alex Stalock without a rebound.
15:53 of 1st period - Mike Sgarbossa wins face-off versus Marcus Johansson in Islanders zone.
16:00 of 1st period - Slapshot by Josh Morrissey.
16:00 of 1st period - Shot Blocked by Chris Mueller.
17:07 of 1st period - Wrist shot by Marcus Johansson.
17:07 of 1st period - Shot Misses the Net.
17:09 of 1st period - Snap shot by Timo Meier.
17:09 of 1st period - Shot Blocked by Nate Prosser.
17:23 of 1st period - Cole Schneider is hit by Richard Clune and loses puck.
17:38 of 1st period - Mark Pysyk is hit by Brandon Saad and loses puck.
18:05 of 1st period - Wrist shot by James Neal.
18:05 of 1st period - Shot Misses the Net.
18:17 of 1st period - Snap shot by Alex Galchenyuk.
18:17 of 1st period - Shot Misses the Net.
18:19 of 1st period - Slapshot by Mark Pysyk.
18:19 of 1st period - Shot Misses the Net.
18:21 of 1st period - Snap shot by Jonathan Ericsson.
18:21 of 1st period - Shot Misses the Net.
18:23 of 1st period - Slapshot by Mark Pysyk.
18:23 of 1st period - Stopped by Alex Stalock with a rebound.
18:35 of 1st period - Nate Prosser is hit by Paul Stastny and loses puck.
19:29 of 1st period - Brendan Leipsic is hit by Alex Galchenyuk and loses puck.
19:40 of 1st period - Wrist shot by Evan Rodrigues.
19:40 of 1st period - Deflect By James Neal.
19:40 of 1st period - Stopped by MacKenzie Blackwood without a rebound.
19:41 of 1st period - Evan Rodrigues wins face-off versus Zach Aston-Reese in Jets zone.
Goals for this period are 2 for Jets vs 0 for Islanders.
Shots for this period are 11 for Jets vs 11 for Islanders.

2nd period


0:01 of 2nd period - Nathan MacKinnon wins face-off versus Vladimir Tarasenko in neutral zone.
0:26 of 2nd period - Jordie Benn is hit by Troy Brouwer and loses puck.
0:35 of 2nd period - Slapshot by Wayne Simmonds.
0:35 of 2nd period - Stopped by Alex Stalock with a rebound.
0:55 of 2nd period - Slapshot by Marcus Johansson.
0:55 of 2nd period - Stopped by MacKenzie Blackwood with a rebound.
0:57 of 2nd period - Snap shot by Marcus Johansson.
0:57 of 2nd period - Stopped by MacKenzie Blackwood with a rebound.
0:59 of 2nd period - Wrist shot by Marcus Johansson.
0:59 of 2nd period - Stopped by MacKenzie Blackwood with a rebound.
1:01 of 2nd period - Wrist shot by Marcus Johansson.
1:01 of 2nd period - Stopped by MacKenzie Blackwood with a rebound.
1:05 of 2nd period - Backhand shot by Timo Meier.
1:05 of 2nd period - Stopped by MacKenzie Blackwood without a rebound.
1:06 of 2nd period - Paul Stastny wins face-off versus Wayne Simmonds in Jets zone.
1:11 of 2nd period - Snap shot by Vladimir Tarasenko.
1:11 of 2nd period - Shot Blocked by Wayne Simmonds.
2:26 of 2nd period - Wrist shot by Wayne Simmonds.
2:26 of 2nd period - Deflect By Alex Galchenyuk.
2:26 of 2nd period - Shot Misses the Net.
2:26 of 2nd period - Puck is out of play.
2:27 of 2nd period - Evan Rodrigues wins face-off versus Alex Galchenyuk in Islanders zone.
2:39 of 2nd period - Wrist shot by Wayne Simmonds.
2:39 of 2nd period - Deflect By Alex Galchenyuk.
2:39 of 2nd period - Stopped by Alex Stalock with a rebound.
2:41 of 2nd period - Wrist shot by Troy Brouwer.
2:41 of 2nd period - Stopped by Alex Stalock without a rebound.
2:42 of 2nd period - Nathan MacKinnon wins face-off versus Paul Stastny in Islanders zone.
2:45 of 2nd period - Snap shot by Colton Sissons.
2:45 of 2nd period - Shot Blocked by Jordie Benn.
2:47 of 2nd period - Snap shot by Colton Sissons.
2:47 of 2nd period - Shot Misses the Net.
2:49 of 2nd period - Snap shot by Colton Sissons.
2:49 of 2nd period - Shot Misses the Net.
2:51 of 2nd period - Slapshot by Josh Manson.
2:51 of 2nd period - Stopped by Alex Stalock without a rebound.
2:52 of 2nd period - Nathan MacKinnon wins face-off versus Paul Stastny in Islanders zone.
2:53 of 2nd period - Slapshot by James van Riemsdyk.
2:53 of 2nd period - Stopped by Alex Stalock without a rebound.
2:54 of 2nd period - James van Riemsdyk wins face-off versus Paul Stastny in Islanders zone.
4:14 of 2nd period - Wrist shot by Vladimir Tarasenko.
4:14 of 2nd period - Shot Misses the Net.
5:04 of 2nd period - Snap shot by Janne Kuokkanen.
5:04 of 2nd period - Shot Misses the Net.
5:06 of 2nd period - Snap shot by Jonathan Ericsson.
5:06 of 2nd period - Shot Blocked by Matt Roy.
5:24 of 2nd period - Wayne Simmonds is hit by Matt Roy and loses puck.
5:29 of 2nd period - Wrist shot by Evan Rodrigues.
5:29 of 2nd period - Stopped by MacKenzie Blackwood without a rebound.
5:30 of 2nd period - Nathan MacKinnon wins face-off versus Paul Stastny in Jets zone.
5:30 of 2nd period - Nathan MacKinnon is hit by Mathew Dumba.
5:56 of 2nd period - Chris Mueller is hit by Zach Aston-Reese and loses puck.
6:15 of 2nd period - Roman Josi is hit by Troy Brouwer and loses puck.
6:48 of 2nd period - Snap shot by Nathan MacKinnon.
6:48 of 2nd period - Shot Blocked by Justin Schultz.
7:23 of 2nd period - Wrist shot by Vladimir Tarasenko.
7:23 of 2nd period - Shot Misses the Net.
7:49 of 2nd period - Slapshot by Nathan MacKinnon.
7:49 of 2nd period - Shot Misses the Net.
7:51 of 2nd period - Wrist shot by Colton Sissons.
7:51 of 2nd period - Shot Blocked by Chris Mueller.
8:03 of 2nd period - Wrist shot by Brandon Saad.
8:03 of 2nd period - Stopped by MacKenzie Blackwood with a rebound.
8:13 of 2nd period - Wrist shot by Nathan MacKinnon.
8:13 of 2nd period - Goal by Nathan MacKinnon - Jets : 3 - Islanders : 0.
8:14 of 2nd period - Paul Stastny wins face-off versus Nathan MacKinnon in neutral zone.
8:17 of 2nd period - Snap shot by Brandon Saad.
8:17 of 2nd period - Shot Misses the Net.
8:19 of 2nd period - Snap shot by Vladimir Tarasenko.
8:19 of 2nd period - Shot Misses the Net.
8:21 of 2nd period - Slapshot by Paul Stastny.
8:21 of 2nd period - Goal by Paul Stastny - Jets : 3 - Islanders : 1.
8:22 of 2nd period - Paul Stastny wins face-off versus Nathan MacKinnon in neutral zone.
8:31 of 2nd period - Off-side.
8:32 of 2nd period - Nathan MacKinnon wins face-off versus Paul Stastny in neutral zone.
8:43 of 2nd period - Snap shot by Paul Stastny.
8:43 of 2nd period - Deflect By Vladimir Tarasenko.
8:43 of 2nd period - Shot Misses the Net.
8:43 of 2nd period - Puck is out of play.
8:44 of 2nd period - Paul Stastny wins face-off versus Nathan MacKinnon in Jets zone.
8:53 of 2nd period - Slapshot by Paul Stastny.
8:53 of 2nd period - Stopped by MacKenzie Blackwood without a rebound.
8:54 of 2nd period - Paul Stastny wins face-off versus James van Riemsdyk in Jets zone.
9:11 of 2nd period - Nathan MacKinnon is hit by Paul Stastny and loses puck.
9:18 of 2nd period - Snap shot by Vladimir Tarasenko.
9:18 of 2nd period - Shot Blocked by Josh Manson.
9:20 of 2nd period - Snap shot by Roman Josi.
9:20 of 2nd period - Deflect By Nathan MacKinnon.
9:20 of 2nd period - Stopped by MacKenzie Blackwood with a rebound.
9:28 of 2nd period - Paul Stastny is hit by James van Riemsdyk and loses puck.
10:06 of 2nd period - Minor Penalty to James van Riemsdyk for Slashing.
10:07 of 2nd period - Janne Kuokkanen wins face-off versus Marcus Johansson in Jets zone.
10:07 of 2nd period - Janne Kuokkanen is hit by Timo Meier.
10:32 of 2nd period - Jake Gardiner is hit by Alex Galchenyuk.
11:16 of 2nd period - Mark Pysyk is hit by Mathew Dumba.
11:26 of 2nd period - Slapshot by Mathew Dumba.
11:26 of 2nd period - Goal by Mathew Dumba - Jets : 3 - Islanders : 2.
11:27 of 2nd period - Evan Rodrigues wins face-off versus Nathan MacKinnon in neutral zone.
11:37 of 2nd period - Icing by Nathan MacKinnon.
11:38 of 2nd period - Paul Stastny wins face-off versus Nathan MacKinnon in Jets zone.
12:07 of 2nd period - Josh Morrissey is hit by Timo Meier and loses puck.
12:31 of 2nd period - Slapshot by James van Riemsdyk.
12:31 of 2nd period - Shot Misses the Net.
12:33 of 2nd period - Slapshot by Josh Manson.
12:33 of 2nd period - Shot Misses the Net.
12:35 of 2nd period - Wrist shot by Colton Sissons.
12:35 of 2nd period - Shot Blocked by Jordie Benn.
12:37 of 2nd period - Wrist shot by Nathan MacKinnon.
12:37 of 2nd period - Stopped by Alex Stalock without a rebound.
12:38 of 2nd period - Vladimir Tarasenko wins face-off versus Alex Galchenyuk in Islanders zone.
12:38 of 2nd period - Vladimir Tarasenko is hit by Troy Brouwer.
13:04 of 2nd period - Timo Meier is hit by Zach Aston-Reese.
13:43 of 2nd period - Wrist shot by Wayne Simmonds.
13:43 of 2nd period - Deflect By Troy Brouwer.
13:43 of 2nd period - Shot Blocked by Cole Schneider.
13:43 of 2nd period - Puck is out of play.
13:44 of 2nd period - Christian Fischer wins face-off versus Alex Galchenyuk in Islanders zone.
13:49 of 2nd period - Alex Galchenyuk is hit by Jordie Benn and loses puck.
14:05 of 2nd period - Minor Penalty to Christian Fischer for Hooking.
14:06 of 2nd period - Nathan MacKinnon wins face-off versus Vladimir Tarasenko in Islanders zone.
14:42 of 2nd period - Snap shot by Alex Galchenyuk.
14:42 of 2nd period - Shot Misses the Net.
16:05 of 2nd period - Penalty to Christian Fischer is over, Christian Fischer is back on ice.
16:28 of 2nd period - Minor Penalty to Mike Sgarbossa for Checking from behind.
16:29 of 2nd period - Paul Stastny wins face-off versus Nathan MacKinnon in Jets zone.
18:00 of 2nd period - Marcus Johansson is hit by Josh Manson and loses puck.
18:28 of 2nd period - Penalty to Mike Sgarbossa is over, Mike Sgarbossa is back on ice.
18:43 of 2nd period - Janne Kuokkanen is hit by Evan Rodrigues and loses puck.
18:50 of 2nd period - Wrist shot by James Neal.
18:50 of 2nd period - Shot Blocked by Zach Aston-Reese.
19:49 of 2nd period - Roman Josi is hit by Mark Pysyk and loses puck.
Goals for this period are 1 for Jets vs 2 for Islanders.
Shots for this period are 7 for Jets vs 11 for Islanders.

3rd period


0:01 of 3rd period - Paul Stastny wins face-off versus Nathan MacKinnon in neutral zone.
0:38 of 3rd period - Troy Brouwer is hit by Logan Shaw and loses puck.
0:57 of 3rd period - Snap shot by Brett Ritchie.
0:57 of 3rd period - Stopped by Alex Stalock with a rebound.
1:16 of 3rd period - Snap shot by Mike Sgarbossa.
1:16 of 3rd period - Stopped by Alex Stalock without a rebound.
1:17 of 3rd period - Paul Stastny wins face-off versus Alex Galchenyuk in Islanders zone.
1:17 of 3rd period - Paul Stastny is hit by Thomas Hickey.
1:29 of 3rd period - Slapshot by Paul Stastny.
1:29 of 3rd period - Stopped by MacKenzie Blackwood with a rebound.
1:42 of 3rd period - Nate Prosser is hit by Brandon Saad.
1:48 of 3rd period - Wrist shot by Nathan MacKinnon.
1:48 of 3rd period - Shot Misses the Net.
1:50 of 3rd period - Slapshot by Thomas Hickey.
1:50 of 3rd period - Shot Blocked by Justin Schultz.
1:52 of 3rd period - Slapshot by Nate Prosser.
1:52 of 3rd period - Deflect By Colton Sissons.
1:52 of 3rd period - Stopped by Alex Stalock without a rebound.
1:53 of 3rd period - Nathan MacKinnon wins face-off versus Marcus Johansson in Islanders zone.
1:56 of 3rd period - Snap shot by James van Riemsdyk.
1:56 of 3rd period - Goal by James van Riemsdyk - Jets : 4 - Islanders : 2.
1:57 of 3rd period - Paul Stastny wins face-off versus Nathan MacKinnon in neutral zone.
2:22 of 3rd period - Jordie Benn is hit by Zach Aston-Reese and loses puck.
2:53 of 3rd period - Alex Galchenyuk is hit by Jordie Benn.
3:14 of 3rd period - Slapshot by James Neal.
3:14 of 3rd period - Deflect By Logan Shaw.
3:14 of 3rd period - Stopped by MacKenzie Blackwood without a rebound.
3:15 of 3rd period - Marcus Johansson wins face-off versus Zach Aston-Reese in Jets zone.
3:18 of 3rd period - Wrist shot by Timo Meier.
3:18 of 3rd period - Stopped by MacKenzie Blackwood with a rebound.
3:21 of 3rd period - Timo Meier beats up Josh Morrissey.
3:21 of 3rd period - Penalty to Timo Meier for Fighting.
3:21 of 3rd period - Penalty to Josh Morrissey for Fighting.
3:22 of 3rd period - Nathan MacKinnon wins face-off versus Paul Stastny in neutral zone.
3:29 of 3rd period - Wrist shot by James van Riemsdyk.
3:29 of 3rd period - Shot Misses the Net.
3:31 of 3rd period - Slapshot by Josh Manson.
3:31 of 3rd period - Shot Blocked by Mathew Dumba.
3:33 of 3rd period - Wrist shot by Thomas Hickey.
3:33 of 3rd period - Stopped by Alex Stalock with a rebound.
3:35 of 3rd period - Wrist shot by Nathan MacKinnon.
3:35 of 3rd period - Stopped by Alex Stalock with a rebound.
3:37 of 3rd period - Snap shot by Nathan MacKinnon.
3:37 of 3rd period - Stopped by Alex Stalock with a rebound.
3:53 of 3rd period - Slapshot by Mathew Dumba.
3:53 of 3rd period - Stopped by MacKenzie Blackwood with a rebound.
4:15 of 3rd period - Slapshot by Jake Gardiner.
4:15 of 3rd period - Shot Blocked by Janne Kuokkanen.
4:17 of 3rd period - Snap shot by Logan Shaw.
4:17 of 3rd period - Stopped by MacKenzie Blackwood with a rebound.
4:19 of 3rd period - Wrist shot by James Neal.
4:19 of 3rd period - Stopped by MacKenzie Blackwood with a rebound.
4:21 of 3rd period - Slapshot by Jake Gardiner.
4:21 of 3rd period - Shot Blocked by Mark Pysyk.
4:39 of 3rd period - Snap shot by Brett Ritchie.
4:39 of 3rd period - Stopped by Alex Stalock with a rebound.
4:41 of 3rd period - Snap shot by Brett Ritchie.
4:41 of 3rd period - Goal by Brett Ritchie - Jets : 5 - Islanders : 2.
4:42 of 3rd period - Nathan MacKinnon wins face-off versus Paul Stastny in neutral zone.
5:07 of 3rd period - Marcus Johansson is hit by Josh Manson.
5:13 of 3rd period - Slapshot by Marcus Johansson.
5:13 of 3rd period - Stopped by MacKenzie Blackwood without a rebound.
5:14 of 3rd period - Marcus Johansson wins face-off versus Nathan MacKinnon in Jets zone.
5:15 of 3rd period - Snap shot by Chris Mueller.
5:15 of 3rd period - Shot Blocked by Mark Pysyk.
5:29 of 3rd period - Snap shot by Marcus Johansson.
5:29 of 3rd period - Shot Blocked by Jonathan Ericsson.
6:02 of 3rd period - Snap shot by James Neal.
6:02 of 3rd period - Shot Misses the Net.
6:50 of 3rd period - Wrist shot by Christian Fischer.
6:50 of 3rd period - Stopped by MacKenzie Blackwood with a rebound.
7:09 of 3rd period - Snap shot by Troy Brouwer.
7:09 of 3rd period - Stopped by Alex Stalock with a rebound.
7:17 of 3rd period - Alex Galchenyuk is hit by Logan Shaw and loses puck.
7:28 of 3rd period - Slapshot by Brett Ritchie.
7:28 of 3rd period - Stopped by Alex Stalock with a rebound.
7:30 of 3rd period - Slapshot by Brett Ritchie.
7:30 of 3rd period - Shot Misses the Net.
7:32 of 3rd period - Snap shot by Janne Kuokkanen.
7:32 of 3rd period - Shot Misses the Net.
7:34 of 3rd period - Wrist shot by Janne Kuokkanen.
7:34 of 3rd period - Deflect By Zach Aston-Reese.
7:34 of 3rd period - Stopped by Alex Stalock with a rebound.
7:36 of 3rd period - Slapshot by Thomas Hickey.
7:36 of 3rd period - Shot Blocked by Marcus Johansson.
7:38 of 3rd period - Slapshot by Josh Manson.
7:38 of 3rd period - Shot Misses the Net.
7:40 of 3rd period - Slapshot by Josh Manson.
7:40 of 3rd period - Shot Blocked by Justin Schultz.
7:50 of 3rd period - Justin Schultz is hit by James van Riemsdyk.
7:54 of 3rd period - Matt Roy is hit by James van Riemsdyk and loses puck.
8:14 of 3rd period - Slapshot by Jake Gardiner.
8:14 of 3rd period - Shot Blocked by Jonathan Ericsson.
9:45 of 3rd period - Mathew Dumba is hit by Troy Brouwer and loses puck.
10:13 of 3rd period - Janne Kuokkanen is hit by Justin Schultz and loses puck.
10:48 of 3rd period - Janne Kuokkanen is hit by Chris Mueller and loses puck.
12:38 of 3rd period - Snap shot by James Neal.
12:38 of 3rd period - Deflect By Logan Shaw.
12:38 of 3rd period - Shot Misses the Net.
12:38 of 3rd period - Puck is out of play.
12:39 of 3rd period - Alex Galchenyuk wins face-off versus James Neal in Jets zone.
12:50 of 3rd period - Wrist shot by Alex Galchenyuk.
12:50 of 3rd period - Shot Misses the Net.
12:52 of 3rd period - Slapshot by Jonathan Ericsson.
12:52 of 3rd period - Stopped by Alex Stalock with a rebound.
12:54 of 3rd period - Snap shot by Troy Brouwer.
12:54 of 3rd period - Stopped by Alex Stalock without a rebound.
12:55 of 3rd period - Nathan MacKinnon wins face-off versus Paul Stastny in Islanders zone.
13:02 of 3rd period - Slapshot by Nathan MacKinnon.
13:02 of 3rd period - Stopped by Alex Stalock with a rebound.
13:22 of 3rd period - Troy Brouwer is hit by Mathew Dumba and loses puck.
13:40 of 3rd period - Minor Penalty to Logan Shaw for Holding.
13:41 of 3rd period - Vladimir Tarasenko wins face-off versus Nathan MacKinnon in Islanders zone.
15:40 of 3rd period - Penalty to Logan Shaw is over, Logan Shaw is back on ice.
16:16 of 3rd period - Icing by Martin Hanzal.
16:17 of 3rd period - Christian Fischer wins face-off versus Mike Sgarbossa in Jets zone.
16:22 of 3rd period - Snap shot by Vladimir Tarasenko.
16:22 of 3rd period - Shot Misses the Net.
16:44 of 3rd period - Wrist shot by James van Riemsdyk.
16:44 of 3rd period - Shot Misses the Net.
17:15 of 3rd period - Slapshot by Wayne Simmonds.
17:15 of 3rd period - Stopped by Alex Stalock with a rebound.
17:17 of 3rd period - Slapshot by Thomas Hickey.
17:17 of 3rd period - Shot Misses the Net.
17:19 of 3rd period - Snap shot by Troy Brouwer.
17:19 of 3rd period - Stopped by Alex Stalock with a rebound.
17:21 of 3rd period - Snap shot by Troy Brouwer.
17:21 of 3rd period - Stopped by Alex Stalock with a rebound.
17:23 of 3rd period - Snap shot by Alex Galchenyuk.
17:23 of 3rd period - Stopped by Alex Stalock with a rebound.
18:48 of 3rd period - Wrist shot by Timo Meier.
18:48 of 3rd period - Shot Misses the Net.
19:44 of 3rd period - Nathan MacKinnon is hit by Vladimir Tarasenko.
19:50 of 3rd period - Thomas Hickey is hit by Cole Schneider and loses puck.
Goals for this period are 2 for Jets vs 0 for Islanders.
Shots for this period are 19 for Jets vs 8 for Islanders. Output by the SimonT Hockey Simulator (STHS) for Eric Tremblay - Original Page W3C HTML5 Valid
Hockey Simulator - Hockey Simulation - Hockey Manager